| TOP OF THE 1ST |
|
Scranton WB RailRiders batting - Pitching for Durham Bulls : RHP Bill Alicea
|
|
Pitching: RHP Bill Alicea
|
|
|
Batting: RHB Russ Shambaugh
|
0-0: Called Strike 0-1: Ball 1-1: Foul Ball, location: 2F 1-2: Ball 2-2: Ball 3-2: Base on Balls
|
|
Batting: RHB Jarrod Joyce
|
0-0: Ball 1-0: Swinging Strike 1-1: SINGLE (Groundball, 56, EV 105.0 MPH) Russ Shambaugh to second
|
|
Batting: RHB Scott King
|
0-0: Ball 1-0: Ball 2-0: Called Strike 2-1: Ball 3-1: Base on Balls Russ Shambaugh to third Jarrod Joyce to second
|
|
Batting: SHB Cristiano Serrão
|
0-0: Swinging Strike 0-1: Ball 1-1: Called Strike 1-2: Ball 2-2: Strikes out swinging
|
|
Batting: RHB Pat Bernier
|
0-0: Called Strike 0-1: Foul Ball, location: 2F 0-2: Strikes out swinging
|
|
Batting: RHB Jeremy Boerman
|
0-0: Ball 1-0: Swinging Strike 1-1: Ball 2-1: Foul Ball, location: 2F 2-2: Foul Ball, location: 2F 2-2: Ball 3-2: Foul Ball, location: 2F 3-2: DOUBLE (Line Drive, 9LM, EV 100.6 MPH) Russ Shambaugh scores Jarrod Joyce scores Scott King to third Scott King scores
|
|
Batting: LHB Justin Covington
|
0-0: Called Strike 0-1: Ball 1-1: Foul Ball, location: 2F 1-2: Ball 2-2: Foul Ball, location: 2F 2-2: Ball Wild Pitch! Jeremy Boerman to third 3-2: Fly out, F9 (Flyball, 9D, EV 107.5 MPH)
|
| Top of the 1st over - 3 runs, 2 hits, 0 errors, 1 left on base; Scranton WB 3 - Durham 0 |
| BOTTOM OF THE 1ST |
|
Durham Bulls batting - Pitching for Scranton WB RailRiders : RHP Jason Greene
|
|
Pitching: RHP Jason Greene
|
|
|
Batting: LHB Jeremy Burton
|
0-0: Called Strike 0-1: Ground out 5-3 (Groundball, 5, EV 104.4 MPH)
|
|
Batting: LHB Robin More
|
0-0: Ball 1-0: Ball 2-0: Ground out 4-3 (Groundball, 4, EV 103.1 MPH)
|
|
Batting: RHB Eugênio Asceno
|
0-0: Called Strike 0-1: Called Strike 0-2: Ground out 5-3 (Groundball, 56S, EV 75.0 MPH)
|
| Bottom of the 1st over - 0 runs, 0 hits, 0 errors, 0 left on base; Scranton WB 3 - Durham 0 |
| TOP OF THE 2ND |
|
Scranton WB RailRiders batting - Pitching for Durham Bulls : RHP Bill Alicea
|
|
Batting: LHB Brad Ritter
|
0-0: Ball 1-0: Ball 2-0: Ball 3-0: Called Strike 3-1: SINGLE (Groundball, 6D, EV 96.9 MPH)
|
|
Batting: RHB Hector Padilla
|
0-0: Called Strike 0-1: Ball Passed Ball! Brad Ritter to second 1-1: Called Strike 1-2: Ground out 6-3 (Groundball, 6, EV 93.1 MPH)
|
|
Batting: RHB Russ Shambaugh
|
0-0: Foul Ball, location: 2F 0-1: Ground out 6-3 (Groundball, 6, EV 83.1 MPH)
|
|
Batting: RHB Jarrod Joyce
|
0-0: Ball 1-0: 2-RUN HOME RUN (Flyball, 78XD, EV 104.4 MPH), Distance : 391 ft
|
|
Batting: RHB Scott King
|
0-0: Ball 1-0: Called Strike 1-1: Ball 2-1: Foul Ball, location: 2F 2-2: Ground out 6-3 (Groundball, 6, EV 83.1 MPH)
|
| Top of the 2nd over - 2 runs, 2 hits, 0 errors, 0 left on base; Scranton WB 5 - Durham 0 |
| BOTTOM OF THE 2ND |
|
Durham Bulls batting - Pitching for Scranton WB RailRiders : RHP Jason Greene
|
|
Batting: RHB Danny Diaz
|
0-0: Ball 1-0: Foul Ball, location: 2F 1-1: Ball 2-1: SINGLE (Groundball, 6D, EV 109.4 MPH)
|
|
Batting: LHB Brian Hollinger
|
0-0: Ball 1-0: Ball 2-0: Ball 3-0: Base on Balls Danny Diaz to second
|
|
Batting: RHB Shinji Aizawa
|
0-0: DOUBLE (Line Drive, 9LS, EV 114.4 MPH) Danny Diaz scores Brian Hollinger to third Runner from 3rd tries for Home, SAFE, throw by RF to home
|
|
Batting: RHB Kevin Kush
|
0-0: Foul Ball, location: 2F 0-1: Ball 1-1: Foul Ball, location: 2F 1-2: Ball 2-2: Ball 3-2: Ground out 4-3 (Groundball, 4, EV 86.9 MPH) Shinji Aizawa to third
|
|
Batting: LHB Danny Hull
|
0-0: SINGLE (Groundball, 6M, EV 103.1 MPH) Shinji Aizawa scores
|
|
Batting: RHB Dusty Camelli
|
0-0: Called Strike Danny Hull steals 2nd base 0-1: Ball 1-1: SINGLE (Groundball, P, EV 85.0 MPH) (infield hit) Danny Hull to third
|
|
Batting: LHB Jeremy Burton
|
0-0: Ball 1-0: Called Strike 1-1: Fielders Choice at 2nd, 3-6 (Groundball, 3, EV 91.2 MPH) Danny Hull scores
|
|
Batting: LHB Robin More
|
0-0: Ball Jeremy Burton is caught stealing 2nd base 2-6
|
| Bottom of the 2nd over - 4 runs, 4 hits, 0 errors, 0 left on base; Scranton WB 5 - Durham 4 |
| TOP OF THE 3RD |
|
Scranton WB RailRiders batting - Pitching for Durham Bulls : RHP Bill Alicea
|
|
Pitching: RHP Cameron Bianchi
|
|
|
Batting: SHB Cristiano Serrão
|
0-0: Called Strike 0-1: Ball 1-1: Swinging Strike 1-2: Foul Ball, location: 2F 1-2: Strikes out swinging
|
|
Batting: RHB Pat Bernier
|
0-0: Ball 1-0: Foul Ball, location: 2F 1-1: Foul Ball, location: 2F 1-2: Ball 2-2: Foul Ball, location: 2F 2-2: Fly out, F9 (Flyball, 89M, EV 89.4 MPH)
|
|
Batting: RHB Jeremy Boerman
|
0-0: Called Strike 0-1: Swinging Strike 0-2: Foul Ball, location: 2F 0-2: SINGLE (Groundball, 6M, EV 105.0 MPH) (infield hit)
|
|
Batting: LHB Justin Covington
|
0-0: SINGLE (Flyball, 56D, EV 85.0 MPH) Jeremy Boerman to second Runner from 2nd tries for 3rd, SAFE, throw by LF made to third
|
|
Batting: LHB Brad Ritter
|
0-0: Swinging Strike 0-1: SINGLE (Line Drive, 34D, EV 98.8 MPH) Jeremy Boerman scores Justin Covington to second Runner from 2nd tries for 3rd, SAFE, throw by RF made to third
|
|
Batting: RHB Hector Padilla
|
0-0: Foul Ball, location: 2F 0-1: Ball 1-1: Foul Ball, location: 2F 1-2: Ball 2-2: Ground out 4-3 (Groundball, 4, EV 108.1 MPH)
|
| Top of the 3rd over - 1 run, 3 hits, 0 errors, 2 left on base; Scranton WB 6 - Durham 4 |
| BOTTOM OF THE 3RD |
|
Durham Bulls batting - Pitching for Scranton WB RailRiders : RHP Jason Greene
|
|
Batting: LHB Robin More
|
0-0: Called Strike 0-1: Swinging Strike 0-2: SINGLE (Line Drive, 4MD, EV 102.5 MPH)
|
|
Batting: RHB Eugênio Asceno
|
0-0: Fielders Choice at 2nd, 5-4 (Groundball, 56, EV 88.1 MPH)
|
|
Batting: RHB Danny Diaz
|
0-0: Foul Ball, location: 2F 0-1: Ball 1-1: Called Strike 1-2: Ball 2-2: SINGLE (Groundball, 34D, EV 100.6 MPH) Eugênio Asceno to second Throwing error, E9 Eugênio Asceno scores Danny Diaz to second
|
|
Batting: LHB Brian Hollinger
|
0-0: SINGLE (Flyball, 5D, EV 96.2 MPH) Danny Diaz to third
|
|
Pitching: LHP Cody Kane
|
|
|
Batting: RHB Shinji Aizawa
|
0-0: Ball 1-0: Foul Ball, location: 2F 1-1: Ball 2-1: Swinging Strike 2-2: Ball 3-2: SINGLE (Line Drive, 3D, EV 99.4 MPH) Danny Diaz scores Brian Hollinger to second Brian Hollinger to third
|
|
Batting: RHB Kevin Kush
|
0-0: Ball 1-0: Fielders Choice at 2nd, 3-6 (Groundball, 3, EV 87.5 MPH) Brian Hollinger scores
|
|
Batting: LHB Danny Hull
|
0-0: Ball 1-0: SINGLE (Line Drive, 78S, EV 103.8 MPH) Kevin Kush to second
|
|
Batting: RHB Dusty Camelli
|
0-0: Called Strike 0-1: Ball 1-1: Fielders Choice at 2nd, 6-4 (Groundball, 6, EV 90.6 MPH)
|
| Bottom of the 3rd over - 3 runs, 5 hits, 1 error, 2 left on base; Scranton WB 6 - Durham 7 |
| TOP OF THE 4TH |
|
Scranton WB RailRiders batting - Pitching for Durham Bulls : RHP Cameron Bianchi
|
|
Batting: RHB Russ Shambaugh
|
0-0: Called Strike 0-1: Ball 1-1: Bunt for hit to 15S - play at first, batter OUT! 1-3
|
|
Batting: RHB Jarrod Joyce
|
0-0: Ball 1-0: Ball 2-0: Called Strike 2-1: Ground out 1-3 (Groundball, 13, EV 70.0 MPH)
|
|
Batting: RHB Scott King
|
0-0: Ball 1-0: DOUBLE (Flyball, 8RXD, EV 110.0 MPH)
|
|
Batting: SHB Cristiano Serrão
|
0-0: Ball 1-0: SINGLE (Line Drive, 78S, EV 93.8 MPH) Scott King to third Runner from 3rd tries for Home, SAFE, throw by LF to home
|
|
Batting: RHB Pat Bernier
|
0-0: Ball 1-0: Ball 2-0: Called Strike 2-1: Foul Ball, location: 2F 2-2: Ball 3-2: Fly out, F8 (Flyball, 89D, EV 89.4 MPH)
|
| Top of the 4th over - 1 run, 2 hits, 0 errors, 1 left on base; Scranton WB 7 - Durham 7 |
| BOTTOM OF THE 4TH |
|
Durham Bulls batting - Pitching for Scranton WB RailRiders : LHP Cody Kane
|
|
Batting: LHB Jeremy Burton
|
0-0: Called Strike 0-1: Foul Ball, location: 2F 0-2: Strikes out swinging
|
|
Batting: LHB Robin More
|
0-0: Ball 1-0: Ball 2-0: Foul Ball, location: 2F 2-1: Foul Ball, location: 2F 2-2: Ground out 2-3 (Groundball, 2R, EV 70.0 MPH)
|
|
Batting: RHB Eugênio Asceno
|
0-0: Called Strike 0-1: Called Strike 0-2: Strikes out swinging
|
| Bottom of the 4th over - 0 runs, 0 hits, 0 errors, 0 left on base; Scranton WB 7 - Durham 7 |
| TOP OF THE 5TH |
|
Scranton WB RailRiders batting - Pitching for Durham Bulls : RHP Cameron Bianchi
|
|
Batting: RHB Jeremy Boerman
|
0-0: Ball 1-0: Ball 2-0: Fly out, F9 (Flyball, 89M, EV 82.5 MPH)
|
|
Batting: LHB Justin Covington
|
0-0: Fly out, F6 (Popup, 6, EV 67.5 MPH)
|
|
Batting: LHB Brad Ritter
|
0-0: Ball 1-0: Foul Ball, location: 2F 1-1: Ball 2-1: Ground out 6-3 (Groundball, 6, EV 105.0 MPH)
|
| Top of the 5th over - 0 runs, 0 hits, 0 errors, 0 left on base; Scranton WB 7 - Durham 7 |
| BOTTOM OF THE 5TH |
|
Durham Bulls batting - Pitching for Scranton WB RailRiders : LHP Cody Kane
|
|
Batting: RHB Danny Diaz
|
0-0: DOUBLE (Line Drive, 5D, EV 110.6 MPH)
|
|
Batting: LHB Brian Hollinger
|
0-0: Ball 1-0: Ball 2-0: Swinging Strike 2-1: Swinging Strike 2-2: Ball 3-2: Fly out, F7 (Flyball, 7S, EV 73.8 MPH)
|
|
Batting: RHB Shinji Aizawa
|
0-0: Fly out, F8 (Line Drive, 8LD, EV 103.8 MPH)
|
|
Batting: RHB Kevin Kush
|
0-0: Foul Ball, location: 2F 0-1: Ball 1-1: Called Strike 1-2: Strikes out swinging
|
| Bottom of the 5th over - 0 runs, 1 hit, 0 errors, 1 left on base; Scranton WB 7 - Durham 7 |
| TOP OF THE 6TH |
|
Scranton WB RailRiders batting - Pitching for Durham Bulls : RHP Cameron Bianchi
|
|
Batting: RHB Hector Padilla
|
0-0: Ball 1-0: Foul Ball, location: 2F 1-1: Called Strike 1-2: Ball 2-2: Fly out, F9 (Flyball, 9S, EV 85.6 MPH)
|
|
Batting: RHB Russ Shambaugh
|
0-0: Ball 1-0: Called Strike 1-1: Ball 2-1: Ground out 6-3 (Groundball, 6, EV 88.1 MPH)
|
|
Batting: RHB Jarrod Joyce
|
0-0: Ball 1-0: Called Strike 1-1: Foul Ball, location: 2F 1-2: Ball 2-2: Ball 3-2: DOUBLE (Line Drive, 9LM, EV 108.8 MPH)
|
|
Pitching: LHP Melvin Millan
|
|
|
Batting: RHB Scott King
|
0-0: Called Strike 0-1: Swinging Strike 0-2: Ball 1-2: 2-RUN HOME RUN (Line Drive, 78XD, EV 105.6 MPH), Distance : 408 ft
|
|
Batting: SHB Cristiano Serrão
|
0-0: Ball 1-0: Foul Ball, location: 2F 1-1: Fly out, F4 (Flyball, 34D, EV 96.2 MPH)
|
| Top of the 6th over - 2 runs, 2 hits, 0 errors, 0 left on base; Scranton WB 9 - Durham 7 |
| BOTTOM OF THE 6TH |
|
Durham Bulls batting - Pitching for Scranton WB RailRiders : LHP Cody Kane
|
|
Batting: LHB Danny Hull
|
0-0: Ball 1-0: Ball 2-0: Called Strike 2-1: Bunted foul 2-2: SINGLE (Groundball, 6MS, EV 86.9 MPH) (infield hit)
|
|
Batting: RHB Dusty Camelli
|
0-0: Foul Ball, location: 2F 0-1: Ball 1-1: Ball 2-1: Ball 3-1: Called Strike 3-2: Fly out, F4 (Flyball, 4MD, EV 80.6 MPH)
|
|
Batting: LHB Jeremy Burton
|
0-0: Ball 1-0: Called Strike 1-1: Fly out, F8 (Flyball, 8LM, EV 90.0 MPH)
|
|
Pitching: RHP Justin Byrne
|
|
|
Batting: LHB Robin More
|
0-0: Ball 1-0: Called Strike Danny Hull steals 2nd base 1-1: Foul Ball, location: 2F 1-2: Strikes out swinging
|
| Bottom of the 6th over - 0 runs, 1 hit, 0 errors, 1 left on base; Scranton WB 9 - Durham 7 |
| TOP OF THE 7TH |
|
Scranton WB RailRiders batting - Pitching for Durham Bulls : LHP Melvin Millan
|
|
Batting: RHB Pat Bernier
|
0-0: Called Strike 0-1: Ground out 6-3 (Groundball, 6, EV 85.6 MPH)
|
|
Batting: RHB Jeremy Boerman
|
0-0: Swinging Strike 0-1: Foul Ball, location: 2F 0-2: Strikes out swinging
|
|
Batting: LHB Justin Covington
|
0-0: Ball 1-0: Swinging Strike 1-1: SINGLE (Flyball, 3D, EV 93.1 MPH)
|
|
Batting: LHB Brad Ritter
|
0-0: Ball 1-0: Ball 2-0: Ball 3-0: Base on Balls Justin Covington to second
|
|
Batting: RHB Hector Padilla
|
0-0: Ball 1-0: Called Strike 1-1: Swinging Strike 1-2: Strikes out swinging
|
| Top of the 7th over - 0 runs, 1 hit, 0 errors, 2 left on base; Scranton WB 9 - Durham 7 |
| BOTTOM OF THE 7TH |
|
Durham Bulls batting - Pitching for Scranton WB RailRiders : RHP Justin Byrne
|
|
Batting: RHB Eugênio Asceno
|
0-0: Called Strike 0-1: Called Strike 0-2: Strikes out swinging
|
|
Batting: RHB Danny Diaz
|
0-0: Called Strike 0-1: Ball 1-1: Fly out, F7 (Flyball, 7D, EV 99.4 MPH)
|
|
Batting: LHB Brian Hollinger
|
0-0: Swinging Strike 0-1: Ball 1-1: Swinging Strike 1-2: Strikes out looking
|
| Bottom of the 7th over - 0 runs, 0 hits, 0 errors, 0 left on base; Scranton WB 9 - Durham 7 |
| TOP OF THE 8TH |
|
Scranton WB RailRiders batting - Pitching for Durham Bulls : LHP Melvin Millan
|
|
Batting: RHB Russ Shambaugh
|
0-0: Swinging Strike 0-1: Swinging Strike 0-2: Ball 1-2: Ball 2-2: Ball 3-2: Foul Ball, location: 2F 3-2: Base on Balls
|
|
Batting: RHB Jarrod Joyce
|
0-0: Ball 1-0: Ball 2-0: Ball 3-0: Called Strike 3-1: Base on Balls Russ Shambaugh to second
|
|
Batting: RHB Scott King
|
0-0: Ball 1-0: Ball 2-0: Foul Ball, location: 2F 2-1: Swinging Strike 2-2: Fielders Choice at 2nd, 1-6 (Groundball, 13S, EV 63.8 MPH) Russ Shambaugh to third
|
|
Batting: SHB Cristiano Serrão
|
0-0: Ball 1-0: Foul Ball, location: 2F 1-1: Ball 2-1: Called Strike 2-2: Strikes out swinging
|
|
Batting: RHB Pat Bernier
|
0-0: Called Strike 0-1: Foul Ball, location: 2F 0-2: Ball 1-2: Strikes out looking
|
| Top of the 8th over - 0 runs, 0 hits, 0 errors, 2 left on base; Scranton WB 9 - Durham 7 |
| BOTTOM OF THE 8TH |
|
Durham Bulls batting - Pitching for Scranton WB RailRiders : RHP Justin Byrne
|
|
Pinch Hitting: SHB Ben Pierce
|
0-0: Swinging Strike 0-1: Fly out, F6 (Line Drive, 6, EV 68.1 MPH)
|
|
Batting: RHB Kevin Kush
|
0-0: Ball 1-0: Called Strike 1-1: Foul Ball, location: 2F 1-2: Ball 2-2: Foul Ball, location: 2F 2-2: Foul Ball, location: 2F 2-2: Ball 3-2: DOUBLE (Line Drive, 78D, EV 107.5 MPH)
|
|
Batting: LHB Danny Hull
|
0-0: Called Strike 0-1: Ground out 4-3 (Groundball, 4, EV 85.6 MPH) Kevin Kush to third
|
|
Pinch Hitting: SHB Soudai Abe
|
0-0: SINGLE (Groundball, 56D, EV 101.9 MPH) Kevin Kush scores
|
|
Pitching: LHP Phil Tippins
|
|
|
Batting: LHB Jeremy Burton
|
0-0: Called Strike 0-1: Ball 1-1: Foul Ball, location: 2F 1-2: Strikes out swinging
|
| Bottom of the 8th over - 1 run, 2 hits, 0 errors, 1 left on base; Scranton WB 9 - Durham 8 |
| TOP OF THE 9TH |
|
Scranton WB RailRiders batting - Pitching for Durham Bulls : LHP Melvin Millan
|
|
Pitching: RHP Luis Cubero
|
|
|
Now at 1B: Ben Pierce
|
|
|
Now at 2B: Giuliano Giacoletti
|
|
|
Now at 3B: Danny Diaz
|
|
|
Now at SS: Danny Hull
|
|
|
Batting: RHB Jeremy Boerman
|
0-0: Ball 1-0: Ball 2-0: Called Strike 2-1: Called Strike 2-2: Foul Ball, location: 2F 2-2: SINGLE (Groundball, 5S, EV 74.4 MPH) (infield hit)
|
|
Batting: LHB Justin Covington
|
0-0: Bunt missed! 0-1: Ball 1-1: Bunted foul 1-2: Fielders Choice at 2nd, 6-4 (Groundball, 6, EV 96.9 MPH)
|
|
Batting: LHB Brad Ritter
|
0-0: Ball Justin Covington steals 2nd base 1-0: Fly out, F9 (Flyball, 9S, EV 79.4 MPH)
|
|
Pinch Hitting: LHB Kazuyoshi Nakamura
|
0-0: Called Strike 0-1: Ball 1-1: Foul Ball, location: 2F 1-2: Strikes out swinging
|
| Top of the 9th over - 0 runs, 1 hit, 0 errors, 1 left on base; Scranton WB 9 - Durham 8 |
| BOTTOM OF THE 9TH |
|
Durham Bulls batting - Pitching for Scranton WB RailRiders : LHP Phil Tippins
|
|
Pitching: RHP Tom Kelley
|
|
|
Now at 1B: Willie Childs
|
|
|
Now at 2B: Sean Neuroth
|
|
|
Batting: LHB Robin More
|
0-0: Ball 1-0: Ground out 2-3 (Groundball, 2R, EV 70.6 MPH)
|
|
Batting: RHB Eugênio Asceno
|
0-0: Called Strike 0-1: Swinging Strike 0-2: Ball 1-2: Ball 2-2: Ball 3-2: Base on Balls
|
|
Batting: RHB Danny Diaz
|
0-0: Called Strike 0-1: Grounds into double play, 6-4-3 (Groundball, 6, EV 83.1 MPH)
|
| Bottom of the 9th over - 0 runs, 0 hits, 0 errors, 0 left on base; Scranton WB 9 - Durham 8 |
|